 Dungeon Crawl Stone Soup version 0.17.1-3-g152610e (webtiles) character file.

90 MrTails the Skirmisher (level 4, -10/29 HPs)
             Began as a Gargoyle Fighter on Feb 18, 2016.
             Killed by divine providence
             ... invoked by an orc priest
              (13 damage)
             ... on level 3 of the Dungeon.
             The game lasted 00:04:12 (1841 turns).

MrTails the Skirmisher (Gargoyle Fighter)           Turns: 1841, Time: 00:04:12

Health: -10/29     AC: 10    Str: 21    XL:     4   Next: 56%
Magic:  4/4        EV:  7    Int:  8    God:
Gold:   122        SH:  9    Dex:  9    Spells: 0 memorised, 3 levels left

rFire  . . .     SeeInvis .     a - +0 war axe
rCold  . . .     Clarity  .     b - +0 scale mail
rNeg   + . .     SustAt   .     c - +0 shield
rPois  ∞         Gourm    .     (no helmet)
rElec  +         Spirit   .     (no cloak)
rCorr  .         Warding  .     (no gloves)
rMut   .         Stasis   .     (no boots)
MR     +....                    (no amulet)
Stlth  ..........               (no ring)
                                j - ring of protection from magic

@: somewhat resistant to hostile enchantments, extremely unstealthy
A: negative energy resistance 1, electricity resistance, unbreathing,
petrification resistance, rot immunity, AC +3
a: no special abilities


You were on level 3 of the Dungeon.
You were not hungry.

You visited 1 branch of the dungeon, and saw 3 of its levels.

You collected 122 gold pieces.

Inventory:

Hand Weapons
 a - a +0 war axe (weapon)
Armour
 b - a +0 scale mail (worn)
 c - a +0 shield (worn)
Jewellery
 j - a ring of protection from magic (left hand)
 n - a +4 ring of protection {unknown}
Scrolls
 g - a scroll of teleportation {unknown}
 h - 4 scrolls of identify {unknown}
 i - a scroll of noise {unknown}
 l - 2 scrolls of remove curse {unknown}
 o - 3 scrolls of blinking {unknown}
 r - a scroll of fear {unknown}
Potions
 d - a potion of might
 f - a potion of ambrosia {unknown}
 k - a potion of curing {unknown}
 p - a potion of invisibility {unknown}
Comestibles
 e - 2 bread rations
 q - a beef jerky


   Skills:
 + Level 4.0 Fighting
 * Level 2.6 Axes
 + Level 3.8 Armour
 + Level 4.0 Shields


You had 3 spell levels left.
You didn't know any spells.

Dungeon Overview and Level Annotations

Branches:
Dungeon (3/15)

Altars:
Ashenzari
Qazlal
Sif Muna

Annotations:
D:3 Xenophilius's ghost, amateur KoBe


Innate Abilities, Weirdness & Mutations

You are resistant to torment.
Your stone body is resilient (AC +3).
You are immune to poison.
You resist negative energy.
You are resistant to electric shocks.
You can survive without breathing.
You are immune to petrification.
You are immune to rotting.


Message History

You block Xenophilius's ghost's attack.
The orc priest invokes the aid of Beogh against you.
You resist with some effort. 2 orcs come into view.
The orc shouts!
The orc barely misses you. The orc hits you but does no damage. x2
You block the orc's attack. You block the orc's attack.
You see here a brown potion.
You completely miss the orc. You hit the orc priest.
The orc priest is moderately wounded.
The orc priest hits you but does no damage.
You block the orc's attack. The orc priest hits you with a flail.
* * * LOW HITPOINT WARNING * * *
The orc hits you but does no damage.
The orc priest calls down the wrath of Beogh upon you.
Something smites you!
You die...

##......##.#..
####.............
###................
###........#...##.#..
#.................... #
##.##.#.....!......... #
#...........##o..#.... ##
###..........ooo....... .#
#.........<..@.........
.#####.##.#.#.#.##...#.#..
..#.............##...# # #
.##.##.####..........#
.##.##.# ###.#####..#
.##.##.# #.# ..# .......#
#.# ..# ###.##.# ...
.......


You could see an orc priest and 3 orcs.

Vanquished Creatures
  4 adders (D:2)
  2 oozes
  2 giant geckos (D:1)
  2 bats
  A giant cockroach (D:1)
  6 hobgoblins
  2 jackals (D:2)
  A quokka (D:2)
  6 giant newts
  6 goblins
  8 kobolds
  5 rats
45 creatures vanquished.

Notes
Turn   | Place    | Note
--------------------------------------------------------------
     0 | D:1      | MrTails the Gargoyle Fighter began the quest for the Orb.
     0 | D:1      | Reached XP level 1. HP: 14/14 MP: 1/1
    31 | D:1      | Reached XP level 2. HP: 16/19 MP: 2/2
   388 | D:1      | Reached XP level 3. HP: 24/24 MP: 3/3
   889 | D:2      | Reached XP level 4. HP: 29/29 MP: 4/4
  1014 | D:2      | Reached skill level 4 in Fighting
  1017 | D:2      | Found a stormy altar of Qazlal.
  1227 | D:3      | Found a deep blue altar of Sif Muna.
  1410 | D:3      | Found a shattered altar of Ashenzari.
  1487 | D:3      | Noticed Xenophilius's ghost (amateur KoBe)
  1510 | D:3      | HP: 1/29 [Xenophilius's ghost (7)]
  1841 | D:3      | Killed from afar by an orc priest

Action                   |  1- 3 |  4- 6 || total
-------------------------+-------+-------++-------
Melee: War axe           |   115 |    67 ||   182
  Eat: Meat ration       |       |     1 ||     1
